 Dungeon Crawl Stone Soup version 0.31.0-1-g2c135a0 (webtiles) character file.

Game seed: 12840439370941554382

1017 jagoly the Magician (level 8, -3/61 HPs)
             Began as a Djinni Earth Elementalist on Jan 29, 2024.
             Was a Follower of Makhleb.
             Slain by a gnoll
             ... wielding a +0 club
              (4 damage)
             ... on level 3 of the Dungeon.
             The game lasted 00:23:03 (1921 turns).

jagoly the Magician (Djinni Earth Elementalist)     Turns: 1921, Time: 00:23:04

Health: -3/61      AC:  3    Str:  7    XL:     8   Next: 45%
Gold:   201        EV: 13    Int: 18    God:    Makhleb [*.....] SH:  0 Dex: 15

rFire   + + .        a - +2 short sword (vamp)
rCold   x . .        (no shield)
rNeg    . . .        h - +0 robe
rPois   ∞            (no helmet)
rElec   .            l - +0 cloak
rCorr   .            (no gloves)
SInv    .            (boots unavailable)
Will    .....        (no amulet)
Stlth   ++           (no ring)
HPRegen 0.30/turn    (no ring)
MPRegen 0.00/turn

%: infuse magic (-4 HP)
@: flying
A: sickness immunity, fire resistance 2, cold vulnerability 1, float, innate
caster, HP casting, extra vitality 1
a: Renounce Religion


You were on level 3 of the Dungeon.
You worshipped Makhleb.
Makhleb was aware of your devotion.
You visited 2 branches of the dungeon, and saw 7 of its levels.
You also visited: Sewer.

You collected 201 gold pieces.

Inventory:

Hand Weapons
 a - a +2 vampiric short sword (weapon)
 t - a +0 long sword of protection
 v - a +1 whip of venom
 J - a +0 dagger of electrocution
Missiles
 f - 37 stones (quivered)
 r - 10 poisoned darts
 s - 2 boomerangs
 u - 6 javelins
 w - 3 curare-tipped darts
Armour
 h - a +0 robe (worn)
 l - a +0 cloak (worn)
Wands
 p - a wand of flame (18)
 I - a wand of digging (13)
Scrolls
 c - 2 scrolls of butterflies {unknown}
 d - 2 scrolls of fear {unknown}
 e - a scroll of poison {unknown}
 g - 5 scrolls of teleportation {unknown}
 k - 2 scrolls of blinking {unknown}
 o - a scroll of revelation {unknown}
 x - 2 scrolls of enchant armour {unknown}
 y - a scroll of torment {unknown}
 D - 2 scrolls of identify {unknown}
 E - a scroll of noise {unknown}
 F - 2 scrolls of vulnerability {unknown}
 G - a scroll of acquirement {unknown}
 H - a scroll of enchant weapon {unknown}
Potions
 b - 6 potions of curing {unknown}
 i - a potion of attraction {unknown}
 j - 3 potions of haste {unknown}
 m - a potion of lignification {unknown}
 n - 2 potions of brilliance {unknown}
 q - a potion of enlightenment {unknown}
 z - a potion of cancellation {unknown}
 A - a potion of invisibility {unknown}
 B - a potion of heal wounds {unknown}
 C - a potion of magic {unknown}


   Skills:
 + Level 6.0 Fighting
 - Level 3.0 Dodging
 - Level 2.0 Stealth
 - Level 6.0 Spellcasting
 - Level 6.0 Conjurations
 - Level 6.0 Hexes
 - Level 6.0 Summonings
 - Level 6.0 Necromancy
 - Level 6.0 Translocations
 - Level 6.0 Fire Magic
 - Level 6.0 Ice Magic
 - Level 6.0 Air Magic
 - Level 6.0 Earth Magic
 - Level 6.0 Alchemy


You knew the following spells:

 Your Spells              Type           Power      Damage    Failure   Level
a - Sandblast             Erth           54%        2d13      1%          1
d - Magic Dart            Conj           100%       1d8       1%          1
g - Gell's Gravitas       Tloc           27%        N/A       3%          3
m - Momentum Strike       Conj/Tloc      54%        3d9       1%          2
p - Petrify               Alch/Erth      27%        N/A       10%         4
r - Brom's Barrelling Bo  Conj/Erth      27%        2d5       10%         4
w - Passwall              Erth           27%        N/A       3%          3
x - Stone Arrow           Conj/Erth      54%        3d10      3%          3
Your spell library was empty.

Dungeon Overview and Level Annotations

Branches:
Dungeon (6/15) Zot: 26461  Temple (1/1) D:5 Zot: 5953   Sewer (visited)

Altars:
Ashenzari
Cheibriados
Fedhas
Gozag
Makhleb
Nemelex Xobeh
Ru
Uskayaw
Wu Jian
Xom
Yredelemnul
Zin
The Shining One

Annotations:
D:2 Natasha


Innate Abilities, Weirdness & Mutations

You are immune to sickness and miasma.
You are immune to poison.
Your flesh is very heat resistant. (rF++)
You are vulnerable to cold. (rC-)
You float through the air rather than walking.
You learn spells naturally, not from books.
Your magical power is your life essence.
You have superior vitality. (+4 MHP)


Message History

* * * LOW HITPOINT WARNING * * *
Found 10 gold pieces.
You now have 167 gold pieces (gained 9).
n - 2 ruby potions (gained 1)
D - 2 scrolls labelled PEOLAB INGOMN (gained 1)
You reach down and open the door.
Found a staircase to the Ecumenical Temple.
There is an open door here.
There is a staircase to the Ecumenical Temple here.
You fly downwards.
Welcome to the Ecumenical Temple!
Found a hide-covered altar of Uskayaw and a radiant altar of Vehumet.
Found a staircase back to the Dungeon.
There is a staircase back to the Dungeon here.
Search for what [? for help]? .
Found two altars.
Found an ornate altar of the Wu Jian Council and a shimmering altar of Xom.
Found a glowing silver altar of Zin and a burning altar of Makhleb.
Found a shimmering blue altar of Sif Muna.
There is a burning altar of Makhleb here.
You hover solemnly before the altar of Makhleb.
Makhleb welcomes you!
Found a basalt altar of Yredelemnul.
Found a sacrificial altar of Ru.
There is a radiant altar of Vehumet here.
There is a staircase back to the Dungeon here.
You fly upwards.
Welcome back to the Dungeon!
There is a staircase to the Ecumenical Temple here.
There is an open door here.
You now have 177 gold pieces (gained 10).
Found 8 gold pieces.
Found a scroll labelled ALUMIN NATS.
g - 4 scrolls labelled ALUMIN NATS (gained 1)
Found a sapphire potion.
You now have 185 gold pieces (gained 8).
b - 5 sapphire potions (gained 1)
A hound comes into view.
A hound comes into view.
Found 11 gold pieces.
The hound barks!
Cast which spell? (? or * to list)
Aiming: Sandblast (safe; 1% risk of failure)
Press: ? - help, Shift-Dir - straight line, f - hound
Aim: a hound (76% to hit)
The blast of sand hits the hound!
The hound is severely wounded.
The hound barks!
Cast which spell? (? or * to list)
Aiming: Sandblast (safe; 1% risk of failure)
Press: ? - help, Shift-Dir - straight line, f - hound, p - hound
Aim: a hound (76% to hit)
The blast of sand hits the hound.
The hound is almost dead.
The hound bites you but does no damage. The hound bites you.
Cast which spell? (? or * to list)
Aiming: Sandblast (safe; 1% risk of failure)
Press: ? - help, Shift-Dir - straight line, f/p - hound
Aim: a hound (76% to hit)
The blast of sand hits the hound.
You kill the hound!
Makhleb accepts your kill. The hound bites you but does no damage.
Cast which spell? (? or * to list)
Aiming: Sandblast (safe; 1% risk of failure)
Press: ? - help, Shift-Dir - straight line, f/p - hound
Aim: a hound (76% to hit)
The blast of sand hits the hound!
The hound is almost dead.
The hound bites you. x2
Cast which spell? (? or * to list)
Aiming: Sandblast (safe; 1% risk of failure)
Press: ? - help, Shift-Dir - straight line, f/p - hound
Aim: a hound (almost dead, 76% to hit)
The blast of sand hits the hound!
You kill the hound!
Makhleb accepts your kill.
Your Fighting skill increases to level 5!
Found 5 gold pieces.
You see here a hound corpse.
Found a book of Storms.
You now have 190 gold pieces (gained 5).
You now have 201 gold pieces (gained 11).
Found a scroll labelled MISONO ZINI.
G - a scroll labelled MISONO ZINI
Found a scroll labelled KAJUH GAIMIATOCOO.
Found a worn wooden wand.
H - a scroll labelled KAJUH GAIMIATOCOO
I - a wand of digging (6)
Found a scroll labelled GONENOICEE.
An ufetubus comes into view.
The ufetubus shouts!
You hear an angry hiss.
An ufetubus comes into view.
Cast which spell? (? or * to list)
You don't know that spell.
Okay, then.
Unknown command.
Cast which spell? (? or * to list)
Aiming: Sandblast (safe; 1% risk of failure)
Press: ? - help, Shift-Dir - straight line, f - ufetubus
Aim: an ufetubus (72% to hit)
The blast of sand hits the ufetubus!
You kill the ufetubus!
Makhleb accepts your kill.
Cast which spell? (? or * to list)
Aiming: Sandblast (safe; 1% risk of failure)
Press: ? - help, Shift-Dir - straight line, f/p - ufetubus
Aim: an ufetubus (72% to hit)
The blast of sand hits the ufetubus!
You kill the ufetubus!
Makhleb accepts your kill.
An iguana comes into view.
Cast which spell? (? or * to list)
Aiming: Stone Arrow (dangerous; 3% risk of failure)
Press: ? - help, Shift-Dir - straight line, f - iguana
Aim: an iguana (75% to hit)
The stone arrow hits the iguana.
The iguana is heavily wounded.
Cast which spell? (? or * to list)
Aiming: Stone Arrow (dangerous; 3% risk of failure)
Press: ? - help, Shift-Dir - straight line, f/p - iguana
Aim: an iguana (heavily wounded, 75% to hit)
The stone arrow hits the iguana!!
You kill the iguana!
Makhleb accepts your kill.
You see here an iguana corpse.
F - 2 scrolls labelled GONENOICEE (gained 1)
You see here an iguana corpse.
There is a stone staircase leading up here.
You fly upwards.
There is a stone staircase leading down here.
You reach down and open the door.
There is an open door here.
Found a book of Minor Magic.
Found a club.
f - 37 stones (gained 4)
There is an open door here.
There is an open door here.
There is a stone staircase leading up here.
You fly upwards.
The jackal bites you.
There is a stone staircase leading down here.
Cast which spell? (? or * to list)
Aiming: Sandblast (safe; 1% risk of failure)
Press: ? - help, Shift-Dir - straight line, f - jackal
Aim: a jackal (79% to hit)
The blast of sand hits the jackal!
You kill the jackal!
Makhleb accepts your kill.
You see here a jackal corpse.
A jackal comes into view.
Found a sapphire potion and a wand of digging (7).
The jackal barks!
A jackal comes into view.
The jackal barks!
A quokka comes into view.
The quokka moves out of view.
Cast which spell? (? or * to list)
Aiming: Sandblast (safe; 1% risk of failure)
Press: ? - help, Shift-Dir - straight line, f - jackal
Aim: a jackal (79% to hit)
The blast of sand hits the jackal!
You kill the jackal!
Makhleb accepts your kill.
A kobold comes into view.
It is wielding a +0 short sword and quivering poisoned darts.
The kobold moves out of view.
Cast which spell? (? or * to list)
Aiming: Sandblast (safe; 1% risk of failure)
Press: ? - help, Shift-Dir - straight line, f - jackal
Aim: a jackal (79% to hit)
The blast of sand hits the jackal!!
You kill the jackal!
Makhleb accepts your kill.
Cast which spell? (? or * to list)
You don't know that spell.
Unknown command.
b - 6 sapphire potions (gained 1)
I - a wand of digging (13) (gained 7 charges)
Found 3 stones.
HP restored.
A quokka is nearby!
Cast which spell? (? or * to list)
Aiming: Sandblast (safe; 1% risk of failure)
Press: ? - help, Shift-Dir - straight line, f - quokka
Aim: a quokka (76% to hit)
The blast of sand hits the quokka.
You kill the quokka!
Makhleb accepts your kill.
Found a book of Callings.
Found a stone staircase leading down.
You see here a book of Callings.
There is a stone staircase leading down here.
HP restored.
You fly downwards.
There is a stone staircase leading up here.
Hit: a) +0 dagger (elec)
Press: ? - help, Dir - move target, f - adder
Aim: an adder (asleep, about 2% to evade your +0 dagger of electrocution)
The helpless adder fails to defend itself.
You puncture the adder!
The adder is almost dead.
The adder barely misses you.
Cast which spell? (? or * to list)
Aiming: Sandblast (safe; 1% risk of failure)
Press: ? - help, Shift-Dir - straight line, f/p - adder
Aim: an adder (almost dead, 72% to hit)
The blast of sand hits the adder!
You kill the adder!
Makhleb accepts your kill.
You fly upwards.
There is a stone staircase leading down here.
A frilled lizard comes into view.
A frilled lizard is nearby!
Cast which spell? (? or * to list)
Aiming: Sandblast (safe; 1% risk of failure)
Press: ? - help, Shift-Dir - straight line, f - frilled lizard
Aim: a frilled lizard (asleep, 100% to hit)
The blast of sand hits the frilled lizard!
You kill the frilled lizard!
Makhleb accepts your kill.
You see here a book of Callings.
A bat comes into view.
A bat is nearby!
A centaur zombie comes into view.
The centaur zombie hits you. The centaur zombie barely misses you.
Cast which spell? (? or * to list)
Aiming: Sandblast (safe; 1% risk of failure)
Press: ? - help, Shift-Dir - straight line, f - centaur zombie
Aim: a centaur zombie (100% to hit)
The blast of sand hits the centaur zombie!!
The centaur zombie is severely damaged.
The kobold shouts!
The bat hits you but does no damage.
The centaur zombie completely misses you. x2
Cast which spell? (? or * to list)
Aiming: Sandblast (safe; 1% risk of failure)
Press: ? - help, Shift-Dir - straight line, f/p - centaur zombie
Aim: a centaur zombie (severely damaged, 100% to hit)
The blast of sand hits the centaur zombie!
The centaur zombie is almost destroyed.
The bat barely misses you. The centaur zombie hits you.
The centaur zombie kicks you. The bat hits you. The centaur zombie hits you.
The centaur zombie barely misses you.
Cast which spell? (? or * to list)
Aiming: Sandblast (safe; 1% risk of failure)
Press: ? - help, Shift-Dir - straight line, f/p - centaur zombie
Aim: a centaur zombie (almost destroyed, 100% to hit)
The blast of sand hits the centaur zombie!!
You destroy the centaur zombie!
Makhleb accepts your kill. The bat misses you. The bat barely misses you.
Cast which spell? (? or * to list)
Aiming: Sandblast (safe; 1% risk of failure)
Press: ? - help, Shift-Dir - straight line, f - bat
Aim: a bat (74% to hit)
The blast of sand hits the bat.
You kill the bat!
Makhleb accepts your kill.
Cast which spell? (? or * to list)
Aiming: Sandblast (safe; 1% risk of failure)
Press: ? - help, Shift-Dir - straight line, f - kobold
Aim: a kobold, wielding a +0 short sword and quivering poisoned darts (79% to hit)
The blast of sand hits the kobold!
You kill the kobold!
Makhleb accepts your kill.
r - 10 poisoned darts (gained 8)
Things that are here:
a +0 short sword; a kobold corpse HP restored.
A ball python comes into view.
Cast which spell? (? or * to list)
Aiming: Sandblast (safe; 1% risk of failure)
Press: ? - help, Shift-Dir - straight line, f - ball python
Aim: a ball python (wandering, hasn't noticed you, 81% to hit)
The blast of sand hits the ball python!
You kill the ball python!
Makhleb accepts your kill.
You see here a ball python corpse.
You reach down and open the huge gate.
There is a huge open gate here.
You reach down and open the door.
A gnoll comes into view. It is wielding a +0 club.
A gnoll comes into view. It is wielding a +0 spear.
Found a scroll labelled ALUMIN NATS.
The gnoll shouts! x2
The gnoll hits you with a +0 club.
There is an open door here.
Cast which spell? (? or * to list)
Aiming: Stone Arrow (dangerous; 3% risk of failure)
Press: ? - help, Shift-Dir - straight line The stone arrow misses the gnoll.
The stone arrow hits the gnoll!!
You kill the gnoll!
Makhleb accepts your kill. The gnoll hits you with a +0 club.
Cast which spell? (? or * to list)
Aiming: Stone Arrow (dangerous; 3% risk of failure)
Press: ? - help, Shift-Dir - straight line The stone arrow hits the gnoll!!
You kill the gnoll!
Makhleb accepts your kill.
g - 5 scrolls labelled ALUMIN NATS (gained 1)
You reach down and open the door. 2 orcs come into view.
The orc shouts!
You hear a shout! x4
Cast which spell? (? or * to list)
Aiming: Stone Arrow (dangerous; 3% risk of failure)
Press: ? - help, Shift-Dir - straight line, f - orc
Aim: an orc, wielding a +0 mace (71% to hit)
The stone arrow hits the orc!
You kill the orc!
Makhleb accepts your kill.
The orc shouts!
An orc comes into view.
It is wielding a +2 vampiric short sword.
Cast which spell? (? or * to list)
Aiming: Stone Arrow (dangerous; 3% risk of failure)
Press: ? - help, Shift-Dir - straight line, f - orc
Aim: an orc, wielding a +0 hand axe (71% to hit)
The stone arrow hits the orc!
You kill the orc!
Makhleb accepts your kill.
Cast which spell? (? or * to list)
Aiming: Stone Arrow (dangerous; 3% risk of failure)
Press: ? - help, Shift-Dir - straight line, f - orc
Aim: an orc, wielding a +2 vampiric short sword (71% to hit)
The stone arrow hits the orc!!
You kill the orc!
Makhleb accepts your kill.
An orc and 2 gnolls come into view.
A gnoll is wielding a +0 halberd of protection.
There is an open door here.
Cast which spell? (? or * to list)
Aiming: Stone Arrow (dangerous; 3% risk of failure)
Press: ? - help, Shift-Dir - straight line, f - gnoll
Aim: a gnoll, wielding a +0 halberd of protection (75% to hit)
The stone arrow hits the gnoll.
The gnoll is heavily wounded.
Cast which spell? (? or * to list)
Aiming: Stone Arrow (dangerous; 3% risk of failure)
Press: ? - help, Shift-Dir - straight line, f - gnoll, p - gnoll
Aim: a gnoll, wielding a +0 flail (75% to hit)
The stone arrow hits the gnoll.
The gnoll is severely wounded.
The gnoll hits you from afar with a +0 halberd of protection.
Cast which spell? (? or * to list)
Aiming: Stone Arrow (dangerous; 3% risk of failure)
Press: ? - help, Shift-Dir - straight line, f/p - gnoll
Aim: a gnoll, wielding a +0 flail (75% to hit)
The stone arrow hits the gnoll.
You kill the gnoll!
Makhleb accepts your kill.
You can now gain health from killing.
Cast which spell? (? or * to list)
Aiming: Stone Arrow (dangerous; 3% risk of failure)
Press: ? - help, Shift-Dir - straight line, f - orc, p - gnoll
Aim: an orc, wielding a +0 hand axe (71% to hit)
The stone arrow hits the gnoll!
The gnoll is almost dead.
Cast which spell? (? or * to list)
Aiming: Sandblast (safe; 1% risk of failure)
Press: ? - help, Shift-Dir - straight line, f/p - orc
Aim: an orc, wielding a +0 hand axe (83% to hit)
You miscast Sandblast.
You are very lightly contaminated with residual magic.
Nothing appears to happen.
The gnoll hits you with a +0 flail!
* * * LOW HITPOINT WARNING * * *
Cast which spell? (? or * to list)
Aiming: Sandblast (safe; 1% risk of failure)
Press: ? - help, Shift-Dir - straight line, f/p - orc
Aim: an orc, wielding a +0 hand axe (83% to hit)
The blast of sand hits the gnoll!
You kill the gnoll!
Makhleb accepts your kill.
* * * LOW HITPOINT WARNING * * *
The orc hits you but does no damage.
Cast which spell? (? or * to list)
Aiming: Sandblast (safe; 1% risk of failure)
Press: ? - help, Shift-Dir - straight line, f/p - orc
Aim: an orc, wielding a +0 hand axe (83% to hit)
The blast of sand hits the orc!
You kill the orc!
Makhleb accepts your kill.
* * * LOW HITPOINT WARNING * * *
Things that are here:
a +0 hand axe; a +0 flail; a gnoll corpse You see here a +0 halberd of protection.
Your magical contamination has completely faded away.
An ogre comes into view. It is wielding a +0 giant club.
There is an open door here.
Press: ? - help, v - describe, . - travel, g - get item
Items here: a +0 mace; an orc corpse.
The floor.
A gnoll comes into view. It is wielding a +0 spear.
You see here a +2 vampiric short sword.
J - a +2 vampiric short sword A gnoll comes into view.
It is wielding a +0 whip.
Cast which spell? (? or * to list)
Aiming: Stone Arrow (dangerous; 3% risk of failure)
Press: ? - help, Shift-Dir - straight line, f - gnoll
Aim: a gnoll, wielding a +0 spear (wandering, hasn't noticed you, 75% to hit)
The stone arrow hits the gnoll!
You kill the gnoll!
Makhleb accepts your kill.
* * * LOW HITPOINT WARNING * * *
Adjust (i)tems, (s)pells, or (a)bilities?
J - a +2 vampiric short sword Adjust to which letter? (? for menu, Esc to quit)
a - a +2 vampiric short sword
J - a +0 dagger of electrocution (weapon)
Your +0 dagger of electrocution stops crackling.
You feel a sense of dread.
a - a +2 vampiric short sword (weapon)
Cast which spell? (? or * to list)
Aiming: Sandblast (safe; 1% risk of failure)
Press: ? - help, Shift-Dir - straight line, f - gnoll
Aim: a gnoll, wielding a +0 whip (85% to hit)
The blast of sand hits the gnoll.
The gnoll is heavily wounded.
* * * LOW HITPOINT WARNING * * *
Cast which spell? (? or * to list)
Aiming: Sandblast (safe; 1% risk of failure)
Press: ? - help, Shift-Dir - straight line, f/p - gnoll
Aim: a gnoll, wielding a +0 whip (heavily wounded, 85% to hit)
The blast of sand hits the gnoll!
You kill the gnoll!
Makhleb accepts your kill.
* * * LOW HITPOINT WARNING * * *
Your Fighting skill increases to level 6!
Things that are here:
a +0 mace; an orc corpse You reach down and open the large door.
A gnoll comes into view. It is wielding a +0 club.
Cast which spell? (? or * to list)
Aiming: Sandblast (safe; 1% risk of failure)
Press: ? - help, Shift-Dir - straight line, f - gnoll
Aim: a gnoll, wielding a +0 club (asleep, 100% to hit)
The blast of sand hits the gnoll!
The gnoll is severely wounded.
The gnoll shouts!
* * * LOW HITPOINT WARNING * * *
Cast which spell? (? or * to list)
Aiming: Sandblast (safe; 1% risk of failure)
Press: ? - help, Shift-Dir - straight line, f/p - gnoll
Aim: a gnoll, wielding a +0 club (severely wounded, 85% to hit)
The blast of sand hits the gnoll but does no damage.
The gnoll is severely wounded.
* * * LOW HITPOINT WARNING * * *
The gnoll hits you with a +0 club!
* * * LOW HITPOINT WARNING * * *
Press: ? - help, v - describe, . - travel The floor.
Hit: a) +2 short sword (vamp)
Press: ? - help, Dir - move target, f/p - gnoll
Aim: a gnoll, wielding a +0 club (severely wounded, about 31% to evade your +2 vampiric short sword)
Okay, then.
Unknown command.
You are flying.
Your flying speed is average.
Your attack delay is about 1.0.
Your damage rating with your +2 vampiric short sword is about 8 (Base 5 x 112% (Dex) x 110% (Skill) + 2 (Ench)).
Unknown command.
Unknown command.
Hit: a) +2 short sword (vamp)
Press: ? - help, Dir - move target, f/p - gnoll
Aim: a gnoll, wielding a +0 club (severely wounded, about 31% to evade your +2 vampiric short sword)
You hit the gnoll but do no damage.
The gnoll is severely wounded.
The gnoll closely misses you.
Hit: a) +2 short sword (vamp)
Press: ? - help, Dir - move target, f/p - gnoll
Aim: a gnoll, wielding a +0 club (severely wounded, about 31% to evade your +2 vampiric short sword)
You hit the gnoll.
You feel better.
The gnoll is almost dead.
The gnoll hits you with a +0 club!
* * * LOW HITPOINT WARNING * * *
Hit: a) +2 short sword (vamp)
Press: ? - help, Dir - move target, f/p - gnoll
Aim: a gnoll, wielding a +0 club (almost dead, about 31% to evade your +2 vampiric short sword)
You hit the gnoll but do no damage.
The gnoll is almost dead.
The gnoll hits you with a +0 club!
* * * LOW HITPOINT WARNING * * *
Cast which spell? (? or * to list)
Aiming: Sandblast (safe; 1% risk of failure)
Press: ? - help, Shift-Dir - straight line, f/p - gnoll
Aim: a gnoll, wielding a +0 club (almost dead, 85% to hit)
The blast of sand hits the gnoll!!
You kill the gnoll!
Makhleb accepts your kill.
You feel better.
* * * LOW HITPOINT WARNING * * *
There is a large open door here.
You see here a +0 club. 2 gnolls come into view.
You reach down and open the door.
A gnoll and 2 orcs come into view.
The gnoll shouts!
The orc shouts!
You hear a shout!
There is a large open door here.
There is a large open door here.
You see here a +0 club.
The gnoll attacks as it pursues you!
The gnoll hits you from afar with a +0 halberd!
* * * LOW HITPOINT WARNING * * *
The gnoll attacks as it pursues you! The gnoll hits you with a +0 club.
* * * LOW HITPOINT WARNING * * *
The gnoll attacks as it pursues you! The gnoll hits you with a +0 club.
You die...

.....................
#
############''''#####
#
#+#...#.......#....#
# #...#
#.....).#....#
#.#.gg#.O))..)'....+
#
#.#####'############
# #.....#...$...#.. #
#.o.g.#).)......~ #
#.##')#@....$...~ #
#.#...g.......#..
#.#....########
#o#....# .. #
..###### ## # .go# #
##### ≈≈ ~~


You could see an ogre (wandering) and a gnoll.

Vanquished Creatures
  A black bear (D:6)
  A crocodile (Sewer)
  3 kobold brigands (Sewer)
  A scorpion (D:5)
  A bombardier beetle (D:4)
  A jelly (D:5)
  Crazy Yiuf (D:2)
  A centaur zombie (D:3)
  2 hounds (D:5)
  Ijyb (D:3)
  2 iguanas (D:5)
  2 orc wizards (D:5)
  A hound skeleton (D:3)
  5 adders
  9 gnolls (D:3)
  A river rat (Sewer)
  A shadow imp (D:5)
  2 ufetubi (D:5)
  A dart slug (D:2)
  3 ribbon worms
  10 orcs
  4 endoplasms
  2 giant cockroaches
  4 goblins
  7 hobgoblins
  10 jackals
  13 kobolds
  A quokka (D:3)
  13 ball pythons
  4 bats
  4 frilled lizards
  5 rats
117 creatures vanquished.

Notes
Turn   | Place    | Note
-------+----------+-------------------------------------------
     0 | D:1      | jagoly the Djinni Earth Elementalist began the quest for
                  | the Orb.
     0 | D:1      | jagoly set off with the following spells memorised:
                  | Sandblast, Passwall, Stone Arrow, Petrify, Brom's
                  | Barrelling Boulder.
     0 | D:1      | Reached XP level 1. HP: 15/15 MP: 0/0
   162 | D:2      | Reached XP level 2. HP: 6/21 MP: 0/0
   213 | D:2      | Noticed Natasha
   218 | D:1      | Reached XP level 3. HP: 13/25 MP: 0/0
   218 | D:1      | Learned a level 1 spell: Magic Dart
   406 | D:2      | Found a faded altar of an unknown god.
   434 | D:2      | Found a runed translucent door.
   435 | D:2      | Noticed Crazy Yiuf
   440 | D:2      | Killed Crazy Yiuf
   441 | D:2      | Reached XP level 4. HP: 25/31 MP: 0/0
   546 | D:3      | Reached XP level 5. HP: 8/35 MP: 0/0
   546 | D:3      | Learned a level 2 spell: Momentum Strike
   643 | D:3      | Noticed Ijyb
   650 | D:3      | Killed Ijyb
   733 | D:3      | Reached skill level 5 in Spellcasting
   733 | D:3      | Reached skill level 5 in Conjurations
   733 | D:3      | Reached skill level 5 in Hexes
   733 | D:3      | Reached skill level 5 in Summonings
   733 | D:3      | Reached skill level 5 in Necromancy
   733 | D:3      | Reached skill level 5 in Translocations
   733 | D:3      | Reached skill level 5 in Fire Magic
   733 | D:3      | Reached skill level 5 in Ice Magic
   733 | D:3      | Reached skill level 5 in Air Magic
   733 | D:3      | Reached skill level 5 in Earth Magic
   733 | D:3      | Reached skill level 5 in Alchemy
   870 | D:5      | Entered Level 5 of the Dungeon
   970 | D:4      | Found a glowing drain.
   979 | D:4      | Reached skill level 1 in Fighting
   979 | D:4      | Reached XP level 6. HP: 38/42 MP: 0/0
   992 | Sewer    | Entered a sewer
  1178 | Sewer    | Reached XP level 7. HP: 10/49 MP: 0/0
  1178 | Sewer    | Learned a level 3 spell: Gell's Gravitas
  1399 | D:6      | Found a glowing golden altar of the Shining One.
  1426 | D:5      | Reached XP level 8. HP: 48/58 MP: 0/0
  1488 | D:5      | Found a staircase to the Ecumenical Temple.
  1494 | Temple   | Entered the Ecumenical Temple
  1517 | Temple   | Became a worshipper of Makhleb the Destroyer
  1601 | D:5      | Reached skill level 5 in Fighting
  1869 | D:3      | Reached * piety under Makhleb
  1920 | D:3      | HP: 1/61 [gnoll/+0 club (4)]
  1921 | D:3      | Slain by a gnoll

Illustrated notes

Levels and vault maps discovered:
D:1:      scummos_arrival_simple_crosswalls, layout_basic,
          dreamdust_princess_corridor
D:2:      layout_basic, shapermc_ecumenical_altar_rom_forum,
          uniq_crazy_yiuf_cottage, uniq_natasha
D:3:      lemuel_castle_with_subvaults [lemuel_castle_interior_carwin_3],
          layout_loops_ring, serial_undead, serial_undead_c, serial_undead_c,
          serial_undead_b, serial_undead_f, minmay_cupped, uniq_ijyb
D:4:      corexii_shack_village, layout_basic, cheibrodos_sewer_entry_drain,
          grunt_decor_mini_mirrors, kennysheep_generic_room_3
D:5:      layout_rooms, minmay_temple_entry_enclosed_plants
D:6:      layout_basic, nicolae_tso_swordbearing_angel, uniq_menkaure,
          uniq_eustachio
Temple:   nicolae_temple_superstar

Skill      XL: |  1  2  3  4  5  6  7  8 |
---------------+-------------------------+-----
Stealth        | 2 |  2.0
Spellcasting   | 4 5 6 |  6.0
Conjurations   | 4 5 6 |  6.0
Hexes          | 4 5 6 |  6.0
Summonings     | 4 5 6 |  6.0
Necromancy     | 4 5 6 |  6.0
Translocations | 4 5 6 |  6.0
Fire Magic     | 4 5 6 |  6.0
Ice Magic      | 4 5 6 |  6.0
Air Magic      | 4 5 6 |  6.0
Earth Magic    | 4 5 6 |  6.0
Alchemy        | 4 5 6 |  6.0
Fighting       | 1 2 4 6 |  6.0
Dodging        | 3 |  3.0

Action                     |  1- 3 |  4- 6 |  7- 9 || total
---------------------------+-------+-------+-------++-------
  Melee: Short sword       |       |       |     3 ||     3
         Dagger            |       |       |     2 ||     2
  Throw: Dart              |       |       |     1 ||     1
   Cast: Sandblast         |    35 |    85 |    55 ||   175
         Stone Arrow       |     2 |     5 |    19 ||    26
         Gell's Gravitas   |       |       |     1 ||     1
  Evoke: Wand              |       |       |     1 ||     1
   Stab: Sleeping          |       |       |     1 ||     1
 Armour: Robe              |     9 |    29 |    36 ||    74
  Dodge: Dodged            |    10 |    41 |    24 ||    75
